 Dungeon Crawl Stone Soup version 0.28.0-49-g6dfe1f597d (webtiles) character file.

Game seed: 12160649664951817756

291 firemarshallily the Chiller (level 6, 0/41 HPs)
             Began as a Merfolk Ice Elementalist on May 15, 2022.
             Was a Believer of Yredelemnul.
             Slain by Grinder (3 damage)
             ... on level 3 of the Dungeon.
             The game lasted 00:15:45 (3405 turns).

firemarshallily the Chiller (MfIE)                  Turns: 3405, Time: 00:15:46

Health: 0/41       AC:  9    Str:  8    XL:     6   Next: 32%
Magic:  1/12       EV: 13    Int: 16    God:    Yredelemnul [**....]
Gold:   76         SH:  0    Dex: 15    Spells: 2/13 levels left

rFire   . . .      SeeInvis .   g - +0 short sword
rCold   . . .      Faith    .   (no shield)
rNeg    . . .      Spirit   .   a - +0 robe
rPois   .          Reflect  .   n - +0 helmet
rElec   .          Harm     .   (no cloak)
rCorr   .          Rampage  .   (no gloves)
Will    .....                   (no boots)
Stlth   ++........              (no amulet)
HPRegen 0.13/turn               (no ring)
MPRegen 0.13/turn               (no ring)

@: ice-armoured
A: (nimble swimmer 2), mertail
a: Renounce Religion, Recall Undead Harvest, Dark Bargain


You were on level 3 of the Dungeon.
You worshipped Yredelemnul.
Yredelemnul was noncommittal.
You visited 1 branch of the dungeon, and saw 3 of its levels.

You collected 76 gold pieces.

Inventory:

Hand Weapons
 g - a +0 short sword (weapon)
Missiles
 b - 7 poisoned darts (quivered)
 e - 71 stones
Armour
 a - a +0 robe (worn)
 f - a +0 leather armour
 n - a +0 helmet (worn)
Wands
 i - a wand of iceblast (4)
Scrolls
 c - 3 scrolls of teleportation {unknown}
 d - 6 scrolls of identify {unknown}
 h - 2 scrolls of magic mapping {unknown}
 m - a scroll of holy word {unknown}
Potions
 j - a potion of resistance {unknown}
 k - a potion of heal wounds {unknown}
 l - 2 potions of might {unknown}
 o - a potion of degeneration {unknown}


   Skills:
 - Level 1.0 Short Blades
 - Level 3.0 Dodging
 - Level 2.1 Stealth
 * Level 4.3 Spellcasting
 * Level 6.4 Ice Magic


You had 2 spell levels left.
You knew the following spells:

 Your Spells              Type           Power      Damage    Failure   Level
a - Freeze                Ice            96%        1d11      1%          1
b - Frozen Ramparts       Ice            48%        1d6       3%          3
c - Ozocubu's Armour      Ice            24%        N/A       3%          3
d - Hailstorm             Conj/Ice       13%        3d5       41%         4

Your spell library contained the following spells:

 Spells                   Type           Power      Damage    Failure   Level


Dungeon Overview and Level Annotations

Branches:
Dungeon (3/15)

Altars:
Fedhas
Gozag
Yredelemnul

Shops:
D:2 :=

Annotations:
D:3 3 runed translucent doors, 5 exclusions, Grinder; Holdthepickle's ghost, amateur OgFE


Innate Abilities, Weirdness & Mutations

((You are very nimble when in or above water. (Stealth+, EV+, Speed+++)))
Your lower body shifts to a powerful aquatic tail in water.


Message History

Grinder is moderately wounded.
The frozen ramparts melt away.
Grinder hits you.
You writhe in agony.
Your hobgoblin zombie hits Grinder.
Throw: 7 darts (poison)
Press: ? - help, Q - select action, (/) - cycle Shift-Dir - straight line, f/p - Grinder
Aim: Grinder (moderately wounded, ally target, 53% to hit)
Okay, then.
You hit Grinder.
Grinder is moderately wounded.
Grinder misses you.
Your hobgoblin zombie barely misses Grinder.
You hit Grinder but do no damage.
Grinder is moderately wounded.
Grinder hits you but does no damage.
Your shadow slips into darkness.
Your shadow flickers and vanishes for a moment.
Your hobgoblin zombie barely misses Grinder.
Grinder gestures at you. Pain shoots through your body!
* * * LOW HITPOINT WARNING * * *
What are your orders? t - Shout!
Orders for allies: a - Attack new target. p - Attack previous target. r - Retreat! s - Stop attacking. g - Guard the area. f - Follow me.
Anything else - Cancel.
Gang up on whom?
Press: ? - help, Dir - move target, p - Grinder There's nothing there!
What are your orders? t - Shout!
Orders for allies: a - Attack new target. r - Retreat! s - Stop attacking. g - Guard the area. f - Follow me.
Anything else - Cancel.
Guard this area!
Grinder hits you.
* * * LOW HITPOINT WARNING * * *
You writhe in agony.
You die...
Your body rises from the dead as a mindless zombie.

#....#.........#
#.##.##...######
###.##.##.### # #
))).##..#.#. .#####.#
#######.#.#.#####.##....#
#######.#.#...#... #.#
#<......#.###.#Z####.#
#########...ZZZZZ....#
######ZW@5.### #.###.#
#.....# ###.### ###


You could see Grinder (ally target), a friendly shadow (summoned, invisible), 2
friendly rat zombies, a friendly goblin zombie, a friendly hobgoblin zombie
(wandering), 2 friendly orc zombies and a friendly ogre zombie.

Vanquished Creatures
  An ogre (D:3)
  Natasha (thrice) (D:2)
  2 adders (D:2)
  3 gnolls (D:3)
  A worm (D:2)
  11 orcs (D:3)
  5 endoplasms
  3 giant cockroaches
  2 goblins
  2 hobgoblins (D:3)
  A jackal (D:2)
  2 quokkas (D:1)
  8 ball pythons
  2 bats
  2 frilled lizards
  6 kobolds
  2 rats
56 creatures vanquished.

Vanquished Creatures (collateral kills)
  An adder (D:3)
  An endoplasm (D:3)
  2 hobgoblins
  A jackal (D:2)
  A quokka (D:1)
  A bat (D:1)
  A frilled lizard (D:3)
  2 kobolds (D:1)
  A rat (D:3)
11 creatures vanquished.

Vanquished Creatures (others)
  A bat zombie (D:3)
  2 ball python zombies
  2 frilled lizard zombies
  A giant cockroach zombie (D:2)
  A goblin zombie (D:2)
  A hobgoblin zombie (D:3)
  2 kobold zombies
  4 orc zombies (D:3)
  A quokka zombie (D:1)
  A rat zombie (D:1)
  A spectral endoplasm (D:2)
  6 fungi
  48 plants
71 creatures vanquished.

Grand Total: 138 creatures vanquished

Notes
Turn   | Place    | Note
-------+----------+-------------------------------------------
     0 | D:1      | firemarshallily the Merfolk Ice Elementalist began the
                  | quest for the Orb.
     0 | D:1      | Reached XP level 1. HP: 13/13 MP: 3/3
   333 | D:1      | Found a faded altar of an unknown god.
   337 | D:1      | Prayed at the altar of an unknown god.
   337 | D:1      | Became a worshipper of Yredelemnul the Dark
   419 | D:1      | Reached XP level 2. HP: 19/19 MP: 1/5
   524 | D:1      | Reached * piety under Yredelemnul
  1286 | D:2      | Found Yxomo's Jewellery Shoppe.
  1309 | D:2      | Reached XP level 3. HP: 22/24 MP: 2/6
  1484 | D:2      | Reached skill level 1 in Short Blades
  1499 | D:2      | Reached skill level 5 in Ice Magic
  1541 | D:2      | Learned a level 3 spell: Frozen Ramparts
  1545 | D:2      | Learned a level 3 spell: Ozocubu's Armour
  1564 | D:2      | Noticed Natasha
  1571 | D:2      | Killed Natasha
  1572 | D:2      | Reached XP level 4. HP: 30/30 MP: 0/8
  1659 | D:2      | Noticed Natasha
  1670 | D:2      | Killed Natasha
  1767 | D:2      | Noticed Natasha
  1782 | D:2      | Killed Natasha
  1783 | D:2      | Reached XP level 5. HP: 8/35 MP: 0/10
  2029 | D:2      | Found Leitywyo's Book Emporium.
  2556 | D:3      | Found a blossoming altar of Fedhas.
  2659 | D:3      | Noticed an ogre
  2718 | D:3      | Killed an ogre
  2719 | D:3      | Reached skill level 6 in Ice Magic
  2719 | D:3      | Reached XP level 6. HP: 41/41 MP: 1/12
  2720 | D:3      | Found a runed translucent gate.
  2720 | D:3      | Found a runed translucent gate.
  2721 | D:3      | Found a runed translucent gate.
  2734 | D:3      | Found an opulent altar of Gozag.
  2813 | D:3      | Noticed Holdthepickle's ghost (amateur OgFE)
  3063 | D:3      | Reached ** piety under Yredelemnul
  3087 | D:3      | Learned a level 4 spell: Hailstorm
  3384 | D:3      | Noticed Grinder
  3405 | D:3      | Slain by Grinder

Illustrated notes

Levels and vault maps discovered:
D:1:      dpeg_arrival_shrine, layout_basic,
          shapermc_ecumenical_altar_acropolis, serial_bayou_pond_b, hex_medium
D:2:      layout_basic, serial_shops, shop, shop, minmay_misc_feat_enclosed,
          uniq_natasha
D:3:      layout_basic, fedhas_altar_3, serial_glass, glass_columns_c,
          glass_columns_b, ebering_ghost_gozag, serial_bayou_lagoon_a,
          feat_on_display, uniq_grinder

Skill      XL: |  1  2  3  4  5 |
---------------+----------------+-----
Dodging        | 3 |  3.0
Short Blades   | 1 |  1.0
Ice Magic      | 5 6 |  6.4
Spellcasting   | 3 4 |  4.3
Stealth        | |  2.1

Action                   |  1- 3 |  4- 6 || total
-------------------------+-------+-------++-------
Melee: Whip              |     6 |       ||     6
       Short sword       |    14 |    62 ||    76
       Punch             |       |     4 ||     4
       Tailslap          |       |     6 ||     6
Throw: Dart              |       |     2 ||     2
 Cast: Freeze            |    25 |    32 ||    57
       Frozen Ramparts   |     1 |     7 ||     8
       Ozocubu's Armour  |     1 |     4 ||     5
Invok: Dark Bargain      |       |     1 ||     1
 Stab: Sleeping          |     2 |       ||     2
       Distracted        |     1 |       ||     1
Armor: Robe              |     2 |     6 ||     8
Dodge: Dodged            |    20 |    32 ||    52
